 Dungeon Crawl Stone Soup version 0.31.0-11-ge490571c62 (webtiles) character file.

Game seed: 9875583503611812648

91991 MollyMolluskus the Brawler (level 16, -29/124 HPs)
             Began as an Octopode Fighter on Jan 27, 2024.
             Was an Elder of Wu Jian.
             Annihilated by Agnes
             ... wielding a +3 vampiric lajatang
              (35 damage)
             ... on level 15 of the Dungeon.
             The game lasted 01:23:57 (19216 turns).

MollyMolluskus the Brawler (Octopode Fighter)      Turns: 19216, Time: 01:23:58

Health: -29/124    AC:  6    Str: 34    XL:     16   Next: 4%
Magic:  25/25      EV: 16    Int: 11    God:    Wu Jian [****..]
Gold:   3351       SH:  8    Dex: 13    Spells: 15/15 levels left

rFire   + .          .
                       - Unarmed
rCold   . . .        r - +3 buckler of Xinwafea {+Blink}
rNeg    . . .        o - +1 hat
rPois   +            m - amulet of regeneration
rElec   .            c - +4 ring of protection
rCorr   .            e - ring of willpower
SInv    .            g - ring of flight
Will    ++...        a - ring "Sopliaj" {MP+9 Str+7}
Stlth   +++          x - ring of protection from fire
HPRegen 1.20/turn    z - +6 ring of strength
MPRegen 0.19/turn    N - ring of poison resistance
                     (no ring)

%: no passive effects
@: exhausted, flying
A: almost no armour, amphibious, 8 rings, camouflage 1, gelatinous body 1,
(nimble swimmer 1), tentacles
a: Renounce Religion, Evoke Blink, Wall Jump, Serpent's Lash


You were on level 15 of the Dungeon.
You worshipped Wu Jian.
Wu Jian was greatly pleased with you.
You visited 3 branches of the dungeon, and saw 21 of its levels.
You also visited: Sewer and Gauntlet.

You collected 3351 gold pieces.

Inventory:

Missiles
 i - 35 poisoned darts
 u - 2 throwing nets
 y - a boomerang
 C - 10 javelins (quivered)
 D - 8 curare-tipped darts
Armour
 o - a +1 hat (worn)
 r - the +3 buckler of Xinwafea (worn) {+Blink}
   (You acquired it on level 8 of the Dungeon)

   +Blink:    It lets you blink.
Jewellery
 a - the ring "Sopliaj" (on tentacle) {MP+9 Str+7}
   (You acquired it on level 8 of the Dungeon)

   [ring of magical power]

   Str+7:     It affects your strength (+7).
   MP+9:      It affects your magic capacity (+9).
 c - a +4 ring of protection (left tentacle)
 e - a ring of willpower (right tentacle)
 g - a ring of flight (on tentacle)
 j - a ring of fire
 m - an amulet of regeneration (around mantle)
 x - a ring of protection from fire (on tentacle)
 z - a +6 ring of strength (on tentacle)
 N - a ring of poison resistance (on tentacle)
Talismans
 I - a blade talisman
 L - a serpent talisman
Wands
 h - a wand of roots (45)
 H - a wand of polymorph (5)
 J - a wand of paralysis (3)
 M - a wand of light (1)
Scrolls
 f - 3 scrolls of poison
 q - a scroll of revelation
 v - 5 scrolls of teleportation
 E - a scroll of fear
 F - 2 scrolls of immolation
 G - a scroll of silence
 K - 2 scrolls of identify
Potions
 b - a potion of berserk rage
 k - 2 potions of cancellation
 l - 3 potions of attraction
 n - a potion of resistance
 p - 3 potions of mutation
 s - 3 potions of haste
 t - 3 potions of curing
 w - 2 potions of ambrosia
 A - 2 potions of enlightenment
 O - 2 potions of lignification
Miscellaneous
 d - a lightning rod (4/4)


   Skills:
 + Level 16.0 Fighting
 - Level 8.0 Dodging
 - Level 4.0 Stealth
 - Level 4.0 Shields
 + Level 20.7 Unarmed Combat
 + Level 5.7 Shapeshifting


You had 15 spell levels left.
You didn't know any spells.
Your spell library contained the following spells:

 Spells                   Type           Power      Damage    Failure   Level
 Magic Dart               Conj           0%         1d3       36%         1
 Blink                    Tloc           0%         N/A       52%         2
 Call Imp                 Summ           0%         N/A       52%         2
 Ensorcelled Hibernation  Hex/Ice        0%         N/A       52%         2
 Lesser Beckoning         Tloc           0%         N/A       52%         2
 Scorch                   Fire           0%         2d5       52%         2
 Fugue of the Fallen      Necr           0%         N/A       75%         3
 Gell's Gravitas          Tloc           0%         N/A       75%         3
 Ozocubu's Armour         Ice            0%         N/A       75%         3
 Teleport Other           Tloc           0%         N/A       75%         3
 Tukima's Dance           Hex            0%         N/A       75%         3
 Anguish                  Hex/Necr       0%         N/A       98%         4
 Dimensional Bullseye     Hex/Tloc       0%         N/A       98%         4
 Flame Wave               Conj/Fire      0%         2d4       98%         4
 Ignite Poison            Fire/Alch      0%         N/A       98%         4
 Iskenderun's Mystic Bla  Conj/Tloc      0%         2d3       98%         4
 Manifold Assault         Tloc           0%         N/A       98%         4
 Sticky Flame             Fire/Alch      0%         2d4       98%         4
 Summon Cactus Giant      Summ           0%         N/A       100%        6
 Ignition                 Fire           0%         3d3       100%        8


Dungeon Overview and Level Annotations

Branches:
Dungeon (15/15)            Temple (1/1) D:5            Lair (5/5) D:9
  Swamp (0/4) Lair:3       Spider (0/4) Lair:2        Slime (0/5) Lair:4
    Orc (0/2) D:10         Vaults (0/5) D:13          Sewer (visited)
Gauntlet (visited)
 Depths: D:15

Altars:
Ashenzari
Cheibriados
Dithmenos
Elyvilon
Fedhas
Gozag
Hepliaklqana
Kikubaaqudgha
Makhleb
Nemelex Xobeh
Okawaru
Qazlal
Ru
Sif Muna
Trog
Uskayaw
Vehumet
Wu Jian
Xom
Yredelemnul
Zin
The Shining One
Jiyva

Shops:
D:6 [   D:9 *

Portals:
Trove: D:14 (give 14 potions of heal wounds)

Annotations:
D:9 3 runed translucent doors, yey's ghost, novice AtFi
D:15 Agnes
Lair:2 2 transporters, exclusion: ice statue, Dounwaqo's ghost, journeyman DDEE
Lair:4 exclusion: oklob plant


Innate Abilities, Weirdness & Mutations

You cannot wear most types of armour.
You are amphibious.
You can wear up to eight rings at the same time.
Your skin changes colour to match your surroundings (Stealth+).
Your rubbery body absorbs attacks. (AC +1, EV +1)
((You are camouflaged when in or above water. (Stealth+)))
You have tentacles for arms and can constrict up to eight enemies at once.


Message History

The bolt of light misses Agnes.
The bolt of light hits the orc!!
You kill the orc!
The Council accepts your kill.
The bolt of light misses the orc.
You block Agnes's attack.
Agnes hits you with a +3 vampiric lajatang!!
Agnes draws strength from your wounds!
Unknown command.
Unknown command.
Aiming: Bolt of Light
Press: ? - help, Shift-Dir - straight line, f/p - Agnes
Aim: Agnes, wielding a +3 vampiric lajatang, wearing a +0 robe and quivering stones (38% to hit)
The bolt of light hits Agnes!
Agnes is lightly wounded.
Agnes is blinded.
The bolt of light hits the orc!
You kill the orc!
The Council accepts your kill.
Agnes hits you with a +3 vampiric lajatang!!
* * * LOW HITPOINT WARNING * * *
Agnes draws strength from your wounds!
Unknown command.
Okay, then.
Unknown command.
Your muscles tense, ready for explosive movement...
You lunge with incredible momentum at Agnes.
You tentacle-slap Agnes. Your grab misses Agnes.
Your tentacle-slap misses Agnes.
Your squeeze misses Agnes.
Agnes is lightly wounded.
Your supernatural speed expires.
Unknown command.
Unknown command.
You tentacle-slap Agnes but do no damage.
You grab Agnes. You squeeze Agnes, but do no damage.
Agnes is lightly wounded.
You constrict Agnes.
Agnes hits you with a +3 vampiric lajatang.
* * * LOW HITPOINT WARNING * * *
Agnes draws strength from your wounds!
Agnes hits you with a +3 vampiric lajatang!!
You die...
Agnes says, "May you follow the Path of Peace in your next life."

#..# #..# #######
...###.....#######
.....'.....'..?..#
######.....#####.#
####### #.# #.#
#○# #@# #i#
####)### #......#
#......# #......o.
#..........
...##+##......
.... ......


You could see Agnes (blind, unable to see you).

Vanquished Creatures
  Rupert (D:13)
  Gastronok (Lair:3)
  Frances (D:12)
  A minotaur (Gauntlet)
  Snorg (D:10)
  A hell beast (Gauntlet)
  4 hydras
  3 catoblepae (Lair:5)
  2 centaur warriors (D:14)
  2 ogre magi (D:13)
  5 boulder beetles
  4 tengu warriors
  12 two-headed ogres
  16 death yaks (Lair:5)
  Nergalle (D:10)
  Sonja (D:11)
  A sixfirhy (Gauntlet)
  Amaemon (D:10)
  Lodul (D:10)
  A goliath frog (Lair:3)
  3 skysharks (Lair:4)
  A skeletal warrior (D:14)
  A deep elf archer (D:13)
  A harpy (shapeshifter) (D:14)
  A necromancer (Gauntlet)
  A lindwurm (Lair:5)
  14 ugly things
  3 deep elf pyromancers
  An orc knight (D:15)
  3 manticores
  8 cyclopes
  36 elephants
  6 black mambas
  Joseph (D:8)
  An orange demon (D:10)
  2 cane toads
  The ghost of turdburglar the Skirmisher, a novice GnHu (D:4)
  Jeremiah (D:7)
  An unseen horror (D:11)
  Maggie (D:7)
  3 yaktaurs (D:13)
  9 komodo dragons
  4 rime drakes
  Psyche (D:12)
  A polar bear (Lair:1)
  A troll (shapeshifter) (D:14)
  3 trolls
  A wind drake (shapeshifter) (D:13)
  A blink frog (shapeshifter) (D:14)
  A centaur simulacrum (D:14)
  7 slime creatures
  A culicivora (shapeshifter) (D:14)
  17 yaks
  A shadow (D:11)
  A vampire (D:14)
  5 wraiths
  A basilisk (Lair:3)
  3 wyverns
  2 redbacks (D:12)
  3 steam dragons
  A warg (D:15)
  7 vampire mosquitoes
  2 acid dragons
  16 water moccasins
  2 hell hounds (Gauntlet)
  An orc warrior (D:10)
  A sky beast (D:6)
  A black bear (D:9)
  A swamp drake (Lair:3)
  3 ice beasts
  14 wolves
  13 ogres
  A laughing skull (D:14)
  9 centaurs
  6 boggarts
  3 phantoms
  A brain worm (shapeshifter) (D:14)
  4 kobold brigands
  14 bullfrogs
  A gnoll sergeant (D:5)
  4 scorpions
  17 wights
  4 jellies
  9 killer bees (D:7)
  3 electric eels (Lair:3)
  5 howler monkeys
  5 orc priests
  2 bombardier beetles (D:6)
  7 hounds
  7 iguanas
  A gnoll bouda (D:6)
  3 sleepcaps
  7 hell rats (Lair:4)
  11 orc wizards
  12 gnolls
  9 adders
  2 shadow imps (D:5)
  2 white imps
  2 ufetubi (Gauntlet)
  4 dart slugs
  2 ribbon worms
  31 orcs
  7 ball pythons
  8 endoplasms
  7 giant cockroaches
  29 goblins
  30 hobgoblins
  26 kobolds
  5 quokkas
  8 bats
  11 frilled lizards
  8 rats
  A butterfly (Lair:3)
603 creatures vanquished.

Notes
Turn   | Place    | Note
-------+----------+-------------------------------------------
     0 | D:1      | MollyMolluskus the Octopode Fighter began the quest for the
                  | Orb.
     0 | D:1      | Reached XP level 1. HP: 16/16 MP: 1/1
    58 | D:1      | Reached XP level 2. HP: 16/21 MP: 2/2
   140 | D:1      | Reached skill level 1 in Stealth
   229 | D:1      | Reached XP level 3. HP: 26/26 MP: 3/3
   991 | D:2      | Reached XP level 4. HP: 29/31 MP: 4/4
  1175 | D:2      | Reached skill level 3 in Unarmed Combat
  2105 | D:3      | Reached XP level 5. HP: 29/36 MP: 5/5
  2252 | D:3      | Found a glowing golden altar of the Shining One.
  2632 | D:3      | Found a hazy altar of Hepliaklqana.
  2785 | D:4      | Found a runed translucent door.
  2787 | D:4      | Noticed turdburglar's ghost (novice GnHu)
  2795 | D:4      | Reached XP level 6. HP: 43/43 MP: 6/6
  2812 | D:4      | Killed turdburglar's ghost
  2813 | D:4      | Reached skill level 4 in Unarmed Combat
  2813 | D:4      | Reached XP level 7. HP: 19/48 MP: 7/7
  2911 | D:4      | Reached skill level 5 in Unarmed Combat
  3284 | D:4      | Found a glowing drain.
  3298 | Sewer    | Entered a sewer
  3735 | D:5      | Entered Level 5 of the Dungeon
  3759 | D:5      | Found a sparkling altar of Nemelex Xobeh.
  4010 | D:5      | Reached skill level 6 in Unarmed Combat
  4010 | D:5      | Reached XP level 8. HP: 30/54 MP: 8/8
  4013 | D:5      | Reached skill level 5 in Fighting
  4013 | D:5      | Reached skill level 5 in Dodging
  4192 | D:5      | Identified a scroll of acquirement
  4192 | D:5      | Acquired 1157 gold pieces
  4255 | D:5      | Reached skill level 7 in Unarmed Combat
  4416 | D:5      | Noticed a two-headed ogre
  4452 | D:5      | Noticed a slime creature
  4465 | D:5      | Killed a slime creature
  4466 | D:5      | Reached XP level 9. HP: 34/62 MP: 9/9
  4755 | D:5      | Found a staircase to the Ecumenical Temple.
  4770 | D:5      | Reached skill level 8 in Unarmed Combat
  4776 | Temple   | Entered the Ecumenical Temple
  4994 | D:5      | Killed a two-headed ogre
  5116 | D:5      | Reached skill level 9 in Unarmed Combat
  6017 | D:6      | Reached XP level 10. HP: 70/71 MP: 10/10
  6136 | D:6      | Found Visicin's Armour Shop.
  6518 | D:7      | Reached skill level 10 in Unarmed Combat
  6790 | D:7      | Noticed Maggie
  6803 | D:7      | Killed Maggie
  7168 | D:7      | Noticed Jeremiah
  7191 | D:7      | Killed Jeremiah
  7639 | D:8      | Noticed Joseph
  7644 | D:8      | Acquired the +3 buckler of Xinwafea {+Blink}
  7657 | D:8      | Acquired the ring "Sopliaj" {MP+9 Str+7}
  7660 | D:8      | Acquired an amulet of regeneration
  7793 | D:8      | Reached skill level 11 in Unarmed Combat
  7857 | D:8      | Killed Joseph
  8020 | D:8      | Found a blossoming altar of Fedhas.
  8436 | D:9      | Found a runed translucent gate.
  8437 | D:9      | Found a runed translucent gate.
  8465 | D:9      | Noticed yey's ghost (novice AtFi)
  8479 | D:9      | Noticed a deep elf pyromancer
  8480 | D:9      | Found Unaerio's Elemental Accessories.
  8499 | D:9      | Reached XP level 11. HP: 70/78 MP: 11/11
  8535 | D:9      | Killed a deep elf pyromancer
  8536 | D:9      | Reached skill level 12 in Unarmed Combat
  8542 | D:9      | Noticed a two-headed ogre
  8586 | D:9      | Found a staircase to the Lair.
  8762 | D:9      | Killed a two-headed ogre
  9010 | D:9      | Noticed a two-headed ogre
  9023 | D:9      | Killed a two-headed ogre
  9024 | D:9      | Reached skill level 13 in Unarmed Combat
  9045 | D:9      | Found a runed translucent gate.
  9196 | D:9      | Found an iron altar of Okawaru.
  9197 | D:9      | Found a white marble altar of Elyvilon.
  9198 | D:9      | Found a glowing silver altar of Zin.
  9199 | D:9      | Found an ornate altar of the Wu Jian Council.
  9205 | D:9      | Became a worshipper of the Wu Jian Council
  9575 | D:3      | Reached * piety under Wu Jian
  9845 | D:10     | Entered Level 10 of the Dungeon
  9875 | D:10     | Noticed a two-headed ogre
  9881 | D:10     | Killed a two-headed ogre
  9936 | D:10     | Noticed Snorg
  9949 | D:10     | Killed Snorg
  9950 | D:10     | Reached skill level 10 in Fighting
 10003 | D:10     | Noticed Amaemon
 10012 | D:10     | Killed Amaemon
 10088 | D:10     | Reached XP level 12. HP: 88/88 MP: 12/12
 10093 | D:10     | Noticed Lodul
 10101 | D:10     | Killed Lodul
 10102 | D:10     | Reached skill level 14 in Unarmed Combat
 10107 | D:10     | Reached ** piety under Wu Jian
 10275 | D:10     | Noticed a two-headed ogre
 10280 | D:10     | Killed a two-headed ogre
 10317 | D:10     | Found a staircase to the Orcish Mines.
 10405 | D:10     | Noticed Nergalle
 10413 | D:10     | Killed Nergalle
 10901 | D:11     | Noticed Sonja
 10926 | D:11     | Killed Sonja
 10941 | D:11     | Found a frozen archway.
 11036 | D:11     | Noticed a boulder beetle
 11055 | D:11     | Killed a boulder beetle
 11056 | D:11     | Reached skill level 15 in Unarmed Combat
 11524 | Lair:1   | Entered Level 1 of the Lair of Beasts
 11591 | D:12     | Noticed Psyche
 11599 | D:12     | Killed Psyche
 11646 | D:12     | Found a gate leading to a gauntlet.
 11654 | Gauntlet | Entered a Gauntlet
 11654 | Gauntlet | Found a transporter.
 11654 | Gauntlet | Found a transporter.
 11658 | Gauntlet | Found a transporter.
 11659 | Gauntlet | Found a transporter.
 11665 | Gauntlet | Found a transporter.
 11677 | Gauntlet | Found a transporter.
 11745 | Gauntlet | Found a transporter.
 11759 | Gauntlet | Found a transporter.
 11808 | Gauntlet | Found a transporter.
 11810 | Gauntlet | Found a transporter.
 11812 | Gauntlet | Noticed a hell beast
 11818 | Gauntlet | Found a transporter.
 11830 | Gauntlet | Killed a hell beast
 11870 | Gauntlet | Found a transporter.
 11897 | Gauntlet | Noticed a minotaur
 11906 | Gauntlet | Killed a minotaur
 12270 | Lair:1   | Reached *** piety under Wu Jian
 12271 | Lair:1   | Reached skill level 16 in Unarmed Combat
 12293 | Lair:1   | Reached XP level 13. HP: 87/96 MP: 13/13
 12734 | Lair:2   | Found a hole to the Spider Nest.
 12802 | Lair:2   | Noticed Dounwaqo's ghost (journeyman DDEE)
 13145 | Lair:2   | Found a transporter.
 13149 | Lair:2   | Found a transporter.
 13520 | Lair:3   | Reached skill level 17 in Unarmed Combat
 13641 | Lair:3   | Found a staircase to the Swamp.
 13843 | Lair:3   | Noticed Gastronok
 13852 | Lair:3   | Killed Gastronok
 13880 | Lair:3   | Reached **** piety under Wu Jian
 14375 | Lair:4   | Found a viscous altar of Jiyva.
 14375 | Lair:4   | Found a staircase to the Slime Pits.
 14462 | Lair:4   | Reached skill level 18 in Unarmed Combat
 14462 | Lair:4   | Reached XP level 14. HP: 84/106 MP: 14/14
 15252 | Lair:5   | Entered Level 5 of the Lair of Beasts
 15375 | Lair:5   | Reached skill level 19 in Unarmed Combat
 15376 | Lair:5   | Reached ***** piety under Wu Jian
 16371 | Lair:5   | Reached XP level 15. HP: 94/114 MP: 15/15
 16677 | D:12     | Noticed Rupert
 16913 | D:12     | Noticed Frances
 16922 | D:12     | Killed Frances
 16923 | D:12     | Reached skill level 20 in Unarmed Combat
 16923 | D:12     | Reached skill level 1 in Shapeshifting
 17304 | D:13     | Reached skill level 15 in Fighting
 17460 | D:13     | Found a gate to the Vaults.
 17544 | D:13     | Killed Rupert
 17923 | D:13     | Found a sparkling altar of Nemelex Xobeh.
 18231 | D:14     | Found an iron altar of Okawaru.
 18241 | D:14     | Identified the +8 mace of Qoak {freeze, rElec rF- Dex+3}
 18547 | D:14     | Identified the +5 dagger of the Tooth {heavy, rC+}
 18604 | D:14     | Reached skill level 5 in Shapeshifting
 18758 | D:14     | Found a portal to a secret trove of treasure.
 19087 | D:15     | Entered Level 15 of the Dungeon
 19127 | D:15     | Reached XP level 16. HP: 124/124 MP: 16/16
 19210 | D:15     | Noticed Agnes
 19216 | D:15     | HP: 6/124 [Agnes/+3 vampiric lajatang (6)]
 19216 | D:15     | Annihilated by Agnes

Illustrated notes

Levels and vault maps discovered:
D:1:      amcnicky_arrival_choice, layout_basic, minmay_surrounded
D:2:      layout_loops_corners, minmay_misc_feat_pillars
D:3:      minmay_goblin_kobold_castle, layout_basic,
          nicolae_hepliaklqana_hippocampus, lemuel_crystal_altar,
          minmay_stone_trees_small, minmay_pentomino_pile
D:4:      layout_loops_cross, portal_sewer_entry_c, ebering_ghost_sewer_d
D:5:      cheibrodos_fzero, layout_basic, mainiacjoe_overflow_catwalk,
          minmay_temple_entry_water_ring, chequers_serial_rivers_large_a,
          kennysheep_generic_room_3
D:6:      layout_basic, serial_shops, shop, kennysheep_small_spiral
D:7:      layout_cave_pods, uniq_jeremiah, uniq_maggie
D:8:      layout_loops_ring, fedhas_bush_and_centaur_altar,
          hangedman_decor_lopped, st_stairs_10, uniq_joseph
D:9:      layout_loops_ring, chequers_temple_overflow_statue_of_worship,
          due_lair_maze_entry_diamond, gammafunk_ghost_split,
          minmay_misc_feat_enclosed, nicolae_elemental_shop, minivault_16
D:10:     layout_roguey, orc_0_dummy, serial_co_window_serial,
          co_window_paths_a, co_window_paths_b, co_window_paths_b,
          co_window_corner_a, co_window_corner_a, co_window_paths_a,
          co_window_paths_a, co_window_corner_b, co_window_unsneaky_path_b,
          co_window_broadway_a, co_window_unsneaky_path_e,
          co_window_of_opportunity_c, co_window_paths_c, co_window_paths_e,
          uniq_lodul, uniq_amaemon, uniq_snorg, uniq_nergalle
D:11:     layout_basic, portal_ice_cave_entry_pillars_2, uniq_sonja
D:12:     layout_irregular_city, gauntlet_entry_generic, uniq_frances,
          uniq_psyche, uniq_rupert
D:13:     layout_loops_cross, hangedman_vaults_entry_quadrant_bands,
          nemelex_spade_bored_becter
D:14:     minmay_razor_zed, layout_irregular_city, nicolae_trove_entry_columns,
          okawaru_ov_weapons_minmay
D:15:     hellmonk_depths_entry_around_the_bend, layout_basic, nicolae_sextant,
          interstate_on_off, corexii_corridor_pit, uniq_kirke, uniq_agnes,
          uniq_azrael
Temple:   nicolae_temple_two_arcs
Lair:1:   layout_loops_ring, infiniplex_staircase_pool_2
Lair:2:   layout_chaotic_city, spider_nest_entry_web_field, nzn_ghost_randoct
Lair:3:   layout_loops_ring, mainiacjoe_swamp_entry_lozenge_pond, minivault_24,
          disabler_island, lemuel_fruit_fields, uniq_gastronok
Lair:4:   layout_gridlike, dpeg_slime_entry_corner
Lair:5:   evilmike_catoblepas_cave, layout_gridlike, serial_bayou_pond_c

Skill      XL: |  1  2  3  4  5  6  7  8  9 10 11 12 13 14 15 |
---------------+----------------------------------------------+-----
Stealth        | 1 2 4 |  4.0
Unarmed Combat | 3 4 6 7 9 11 13 16 18 19 20 | 20.7
Fighting       | 4 5 7 8 10 11 13 14 16 | 16.0
Dodging        | 4 5 7 8 |  8.0
Shields        | 4 |  4.0
Shapeshifting  | 5 |  5.7

Action                     |  1- 3 |  4- 6 |  7- 9 | 10-12 | 13-15 | 16-18 || total
---------------------------+-------+-------+-------+-------+-------+-------++-------
  Melee: Unarmed           |    79 |    58 |   254 |   541 |   691 |    16 ||  1639
         Constrict         |    24 |    16 |    40 |    97 |    51 |     3 ||   231
         Tentacles         |    12 |    12 |    50 |   116 |   180 |     6 ||   376
         Punch             |     1 |     1 |    14 |    39 |   120 |     5 ||   180
  Throw: Stone             |     3 |       |     3 |       |       |       ||     6
         Dart              |       |       |     7 |    18 |     9 |       ||    34
         Javelin           |       |       |       |       |     4 |       ||     4
 Invoke: Heavenly Storm    |       |       |       |       |     2 |       ||     2
         Serpent's Lash    |       |       |       |       |     1 |     1 ||     2
Ability: Lunge             |       |       |       |    34 |    74 |     4 ||   112
         Whirlwind         |       |       |       |    22 |   170 |     1 ||   193
         Wall Jump         |       |       |       |    13 |    28 |     1 ||    42
         Evoke Blink       |       |       |       |     1 |     2 |       ||     3
  Evoke: Wand              |       |       |     1 |     3 |     9 |     2 ||    15
    Use: Scroll            |     1 |     4 |    10 |    16 |     7 |       ||    38
         Potion            |       |     1 |     2 |     8 |    15 |       ||    26
   Stab: Sleeping          |     2 |    11 |    14 |    19 |    16 |       ||    62
         Distracted        |     1 |       |     1 |     1 |     3 |       ||     6
         Invisible         |       |       |       |     4 |     2 |       ||     6
         Paralysed         |       |       |       |       |     3 |       ||     3
 Armour: Skin              |    24 |    25 |    90 |   183 |   188 |     8 ||   518
  Dodge: Dodged            |    40 |    24 |   108 |   284 |   210 |     2 ||   668
  Block: Buckler           |    17 |     7 |    55 |   161 |   118 |     3 ||   361
